 Dungeon Crawl Stone Soup version 0.26-a0-466-g989023bd0d (webtiles) character file.

Game seed: 7205723854653174465

256 Apogee the Sneak (level 5, -1/24 HPs)
             Began as a Spriggan Enchanter on Aug 1, 2020.
             Slain by Grinder (4 damage)
             ... on level 3 of the Dungeon.
             The game lasted 00:03:27 (2531 turns).

Apogee the Sneak (Spriggan Enchanter)               Turns: 2531, Time: 00:03:27

Health: -1/24      AC:  2    Str:  4    XL:     5   Next: 92%
Magic:  5/10       EV: 18    Int: 18    God:
Gold:   74         SH:  0    Dex: 16    Spells: 3/9 levels left

rFire    . . .     SeeInvis +   a - +1 dagger
rCold    . . .     Faith    .   (shield restricted)
rNeg     . . .     Spirit   .   b - +0 robe
rPois    .         Reflect  .   (helmet restricted)
rElec    .         Harm     .   (no cloak)
rCorr    .                      (gloves unavailable)
MR       .....                  (boots unavailable)
Stlth    ++++......             (no amulet)
HPRegen  0.08/turn              (no ring)
MPRegen  0.12/turn              (no ring)

@: very quick
A: very small, unfitting armour, see invisible, speed 3
a: no special abilities


You were on level 3 of the Dungeon.
You visited 1 branch of the dungeon, and saw 3 of its levels.

You collected 74 gold pieces.

Inventory:

Hand Weapons
 a - a +1 dagger (weapon)
Armour
 b - a +0 robe (worn)
Jewellery
 c - an uncursed amulet of guardian spirit {unknown}
   (You found it on level 1 of the Dungeon)
 i - a cursed ring of teleportation {unknown}
   (You found it on level 1 of the Dungeon)
Scrolls
 d - 3 scrolls of noise {unknown}
 k - a scroll of fog {unknown}
 l - a scroll of enchant weapon {unknown}
 m - a scroll of teleportation {unknown}
 n - 2 scrolls of remove curse {unknown}
 q - a scroll of fear {unknown}
Potions
 e - 3 potions of degeneration {unknown}
 f - a potion of ambrosia {unknown}
 g - a potion of heal wounds {unknown}
 h - a potion of mutation {unknown}
 j - a potion of curing {unknown}
 o - a potion of resistance {unknown}
 p - a potion of haste {unknown}


   Skills:
 + Level 4.6 Short Blades
 - Level 3.0 Dodging
 + Level 7.9 Stealth
 - Level 2.6 Spellcasting
 - Level 3.6 Hexes


You had 3 spell levels left.
You knew the following spells:

 Your Spells              Type           Power        Failure   Level
a - Corona                Hex            ###....      3%          1
b - Confusing Touch       Hex            ###.....     12%         3
x - Ensorcelled Hibernat  Hex/Ice        #.....       12%         2

Your spell library contained the following spells:

 Spells                   Type           Power        Failure   Level
 Tukima's Dance           Hex            ###.....     12%         3
 Dazzling Flash           Conj/Hex       #.....       24%         3


Dungeon Overview and Level Annotations

Branches:
Dungeon (3/15)

Altars:
Zin

Annotations:
D:1 Natasha
D:3 Grinder, Ijyb


Innate Abilities, Weirdness & Mutations

You are very small and have problems with some larger weapons.
You are too small for most types of armour.
You have supernaturally acute eyesight. (SInv)
You cover ground extremely quickly.


Message History

Unknown command.
You can't see any susceptible monsters within range! (Use Z to cast anyway.)
The helpless kobold fails to defend itself.
You perforate the kobold like a sieve!!!
You kill the kobold!
You see here a +0 dagger.
You see here a +0 dagger.
Things that are here:
a +0 dagger; a kobold skeleton Done exploring.
Done exploring.
Done exploring.
Done exploring.
No target in view!
There is a stone staircase leading down here.
You climb downwards.
A goblin comes into view.
Found 15 stones.
There is a stone staircase leading up here.
A goblin is nearby!
A goblin is nearby!
Found a stone staircase leading down.
Found 4 gold pieces.
The helpless goblin fails to defend itself.
You perforate the goblin like a sieve!!!
You kill the goblin!
You see here a goblin corpse.
You now have 74 gold pieces (gained 4).
Ijyb the Twisted Goblin comes into view.
She is carrying a wand of enslavement (7).
A rat and Grinder come into view.
Found a scroll labeled TOMESICEDI and 8 boomerangs.
Found a stone staircase leading up.
You completely miss the rat. The rat completely misses you.
Aim: a rat (chance to defeat MR: 57%)
The rat resists with significant effort.
The rat barely misses you.
You hit the rat.
You kill the rat!
Okay, then.
The spell is quite dangerous to cast (12% risk of failure)!
Continue anyway?
Your hands begin to glow red.
You barely miss Grinder. Grinder closely misses you.
You hit Grinder but do no damage.
Grinder appears confused.
You hit Grinder but do no damage. Grinder hits you!
You writhe in agony.
* * * LOW HITPOINT WARNING * * *
You hit Grinder. Grinder hits you!
* * * LOW HITPOINT WARNING * * *
You writhe in agony.
You die...

#......>##.#
##.##.#####.#
#....<..###.##
#..##........###
#. .##.##.(#..#
# #. .##.###.##
.. .#.# ##.# ##.
## ##.## #. #@.#
#. #.5<..#
#.....# #.....#
#.....# #(?...#
.#...## ###...


You could see Grinder (confused).

Vanquished Creatures
  Sigmund (D:2)
  Natasha (D:2)
  An adder (D:2)
  3 worms (D:2)
  A dart slug (D:1)
  A leopard gecko (D:1)
  4 bats
  A giant cockroach (D:1)
  5 hobgoblins
  5 jackals (D:2)
  7 kobolds
  3 frilled lizards
  10 goblins
  15 rats
58 creatures vanquished.

Notes
Turn   | Place    | Note
-------+----------+-------------------------------------------
     0 | D:1      | Apogee the Spriggan Enchanter began the quest for the Orb.
     0 | D:1      | Reached XP level 1. HP: 9/9 MP: 5/5
     3 | D:1      | Noticed a gargoyle
     3 | D:1      | Noticed a minotaur
     5 | D:1      | Noticed a merfolk
     5 | D:1      | Noticed a troll
     7 | D:1      | Noticed a halfling
     7 | D:1      | Noticed a vampire
     9 | D:1      | Noticed a tengu
     9 | D:1      | Noticed an elf
    11 | D:1      | Noticed an octopode
    13 | D:1      | Noticed a demonspawn
    15 | D:1      | Noticed a centaur
    17 | D:1      | Noticed a naga
    17 | D:1      | Noticed a vine stalker
    19 | D:1      | Noticed a dwarf
    19 | D:1      | Noticed a spriggan
    21 | D:1      | Noticed a human
    23 | D:1      | Noticed a formicid
    23 | D:1      | Noticed a ghoul
    25 | D:1      | Noticed a demigod
    25 | D:1      | Noticed a felid
    27 | D:1      | Noticed an ogre
    27 | D:1      | Noticed a draconian
    82 | D:1      | Reached XP level 2. HP: 6/13 MP: 6/6
   251 | D:1      | Reached skill level 5 in Stealth
   948 | D:1      | Reached XP level 3. HP: 16/16 MP: 8/8
  1092 | D:2      | Found a glowing silver altar of Zin.
  1469 | D:2      | Learned a level 3 spell: Confusing Touch
  1472 | D:2      | Learned a level 2 spell: Ensorcelled Hibernation
  1482 | D:2      | Noticed Sigmund
  1573 | D:2      | Killed Sigmund
  1573 | D:2      | Reached skill level 7 in Stealth
  1573 | D:2      | Reached XP level 4. HP: 21/21 MP: 6/9
  1573 | D:2      | Reached XP level 5. HP: 24/24 MP: 6/10
  1799 | D:2      | Noticed Natasha
  1807 | D:2      | Killed Natasha
  1865 | D:2      | Noticed Natasha
  2510 | D:3      | Noticed Ijyb
  2519 | D:3      | Noticed Grinder
  2531 | D:3      | Slain by Grinder

Illustrated notes

Levels and vault maps discovered:
D:1:      kb_arrival_jail, layout_basic, minmay_door_square, st_stairs_10
D:2:      layout_loops_ring, lemuel_crystal_altar, minmay_pentomino_z2,
          uniq_sigmund, uniq_natasha
D:3:      cheibrodos_pilgrimage, layout_loops_cross, item_on_display_b,
          uniq_ijyb, uniq_grinder

Skill      XL: |  1  2  3 |
---------------+----------+-----
Stealth        | 5 7 |  7.9
Short Blades   | 2 4 |  4.6
Dodging        | |  3.0
Spellcasting   | |  2.6
Hexes          | |  3.6

Action                   |  1- 3 |  4- 6 || total
-------------------------+-------+-------++-------
Melee: Dagger            |   155 |    51 ||   206
 Cast: Ensorcelled Hiber |     5 |    14 ||    19
       Confusing Touch   |       |     1 ||     1
 Stab: Sleeping          |    11 |    15 ||    26
Armor: Robe              |     7 |     2 ||     9
Dodge: Dodged            |   130 |    20 ||   150

Table legend: (Time is in decaauts)
 A = Elapsed time spent in this place.
 B = Non-inter-level travel time spent in this place.
 C = Inter-level travel time spent in this place.
 D = Time resting spent in this place.
 E = Time spent auto-exploring this place.
 F = Levels seen in this place.
 G = Mean time per level.
                   A        B        C        D        E       F      G
               +--------+--------+--------+--------+--------+-----+--------+
         Total |   2068 |   2046 |     22 |    569 |   1049 |   3 |  689.3 |
       Dungeon |   2068 |   2046 |     22 |    569 |   1049 |   3 |  689.3 |
               +--------+--------+--------+--------+--------+-----+--------+

Top non-repeatable levels by time:
     D:1: 1151 daAuts
     D:2: 893 daAuts
     D:3: 23 daAuts
